 Dungeon Crawl Stone Soup version 0.27-a0-661-gca034ae587 (webtiles) character file.

Game seed: 3323772565317764043

104114 reyent the Geomancer (level 16, -11/101 HPs)
             Began as a Gargoyle Earth Elementalist on Mar 17, 2021.
             Was the Champion of Vehumet.
             Mangled by an orc warlord
             ... wielding a +0 dire flail of protection
              (28 damage)
             ... on level 1 of the Orcish Mines.
             The game lasted 01:04:50 (25078 turns).

reyent the Geomancer (Gargoyle Earth Elementalist) Turns: 25078, Time: 01:04:51

Health: -11/101    AC: 29    Str: 14    XL:     16   Next: 37%
Magic:  2/40       EV: 15    Int: 21    God:    Vehumet [******]
Gold:   2723       SH:  0    Dex: 12    Spells: 10/37 levels left

rFire    + . .     SeeInvis +   S - +8 great mace of Disorder {vamp, +Blink rElec rN+}
rCold    . . .     Faith    .   (shield currently unavailable)
rNeg     + + .     Spirit   .   J - +0 troll leather armour
rPois    ∞         Reflect  .   c - +2 hat {SInv}
rElec    +         Harm     .   X - scarf {+Inv}
rCorr    .         Rampage  .   A - +1 pair of gloves
Will     +....                  N - +1 pair of boots
Stlth    ++........             M - amulet of magic regeneration
HPRegen  0.00/turn              P - +4 ring of protection
MPRegen  0.52/turn              Q - ring of magical power

@: flying
A: AC +12, big wings, negative energy resistance 1, electricity resistance,
torment resistance 1, unbreathing 1, petrification resistance, molten scales 1,
agile 1, fire resistance 1, inhibited regeneration
a: Stop Flying, Renounce Religion, Evoke Blink, Evoke Invisibility


You were on level 1 of the Orcish Mines.
You worshipped Vehumet.
Vehumet was exalted by your worship.
You visited 4 branches of the dungeon, and saw 24 of its levels.
You also visited: Sewer, Gauntlet and Ice Cave.

You collected 2882 gold pieces.
You spent 159 gold pieces at shops.

Inventory:

Hand Weapons
 I - the +11 quarterstaff of Satyriasis {holy, rF++ Will- Dex+4 Stlth+}
   (You found it in a Gauntlet)

   It has been blessed by the Shining One to cause great damage to the undead
   and demons.
   It affects your dexterity (+4).
   It greatly protects you from fire.
   It affects your willpower, your defense against some magical effects.
   It makes you more stealthy.
 S - the +8 great mace of Disorder (weapon) {vamp, +Blink rElec rN+}
   (You found it on level 9 of the Dungeon)

   It inflicts no extra harm, but heals its wielder when it wounds a living foe.
   It insulates you from electricity.
   It protects you from negative energy.
   It lets you blink.
Missiles
 b - 363 stones
 l - 2 throwing nets
Armour
 c - a +2 hat of see invisible (worn)
 n - the +5 robe of Night {Dark Will+ SInv}
   (You found it on level 3 of the Lair of Beasts)

   It affects your willpower, your defense against some magical effects.
   It lets you see invisible.
 A - a +1 pair of gloves (worn)
 J - a +0 troll leather armour (worn)
 N - a +1 pair of boots (worn)
 X - a scarf of invisibility (worn)
Jewellery
 w - a ring of protection from fire
 M - an amulet of magic regeneration (around neck)
 P - a +4 ring of protection (right hand)
 Q - a ring of magical power (left hand)
 T - the amulet of Exhibitionism {Reflect rElec Dex+6 SH+5 Stlth+}
   (You found it on level 9 of the Dungeon)

   [amulet of reflection]

   It shields you and reflects attacks.
   It affects your dexterity (+6).
   It insulates you from electricity.
   It affects your SH (+5).
   It makes you more stealthy.
 V - a ring of wizardry
 Z - a +6 ring of intelligence
Wands
 g - a wand of mindburst (17)
 t - a wand of paralysis (39)
 y - a wand of iceblast (19)
 C - a wand of flame (43)
 H - a wand of acid (3)
 O - a wand of digging (7)
 W - a wand of charming (24)
Scrolls
 d - 3 scrolls of identify
 e - a scroll of blinking
 f - 4 scrolls of enchant weapon
 o - 7 scrolls of amnesia
 p - 9 scrolls of teleportation
 u - 4 scrolls of magic mapping
 x - 2 scrolls of fear
 B - 2 scrolls of immolation
 L - a scroll of brand weapon
 R - 3 scrolls of fog
Potions
 a - 2 potions of brilliance
 h - 5 potions of might
 i - 2 potions of resistance
 j - a potion of magic
 k - 4 potions of haste
 m - 4 potions of ambrosia
 q - 2 potions of attraction
 r - 2 potions of cancellation
 s - 9 potions of curing
 v - 2 potions of lignification
 D - 2 potions of heal wounds
 G - 3 potions of mutation
 K - 2 potions of berserk rage
Miscellaneous
 Y - a condenser vane (inert)


   Skills:
 + Level 11.9 Fighting
 + Level 10.9 Maces & Flails
 - Level 6.0 Armour
 + Level 9.4 Dodging
 - Level 2.1 Stealth
 + Level 11.3 Spellcasting
 + Level 12.7 Conjurations
 - Level 0.7 Transmutations
 + Level 14.3 Earth Magic
 - Level 6.0 Evocations


You had 10 spell levels left.
You knew the following spells:

 Your Spells              Type           Power      Damage    Failure   Level
a - Sandblast             Erth           100%       2d20      0%          1
b - Stone Arrow           Conj/Erth      100%       3d13      1%          3
c - Lee's Rapid Deconstr  Erth           32%        3d17*     1%          5
d - Iron Shot             Conj/Erth      31%        9d6       1%          6
e - Bolt of Magma         Conj/Fire/Erth 24%        4d12      1%          5
f - Passwall              Tmut/Erth      35%        N/A       1%          2
g - Irradiate             Conj/Tmut      20%        3d20      3%          5

Your spell library contained the following spells:

 Spells                   Type           Power      Damage    Failure   Level
 Lehudib's Crystal Spear  Conj/Erth      31%        10d8      41%         8
 Magic Dart               Conj           100%       1d8       1%          1
 Searing Ray              Conj           100%       3d7       1%          2
 Conjure Flame            Conj/Fire      38%        6-21      1%          3
 Dazzling Flash           Conj/Hex       76%        N/A       1%          3
 Mephitic Cloud           Conj/Pois/Air  29%        N/A       1%          3
 Fulminant Prism          Conj/Hex       19%        3d11      1%          4
 Iskenderun's Mystic Bla  Conj/Tloc      38%        2d9       1%          4
 Iskenderun's Battlesphe  Conj           60%        2d11      1%          5
 Petrify                  Tmut/Erth      43%        N/A       3%          4
 Beastly Appendage        Tmut           28%        N/A       5%          1
 Animate Skeleton         Necr           22%        N/A       7%          1
 Apportation              Tloc           22%        N/A       7%          1
 Corona                   Hex            12%        N/A       7%          1
 Summon Small Mammal      Summ           44%        N/A       7%          1
 Wereblood                Tmut           14%        N/A       8%          2
 Orb of Destruction       Conj           30%        9d11      9%          7
 Borgnjor's Vile Clutch   Necr/Erth      21%        N/A       10%         5
 Blink                    Tloc           N/A        N/A       11%         2
 Call Imp                 Summ           11%        N/A       11%         2
 Slow                     Hex            11%        N/A       11%         2
 Spider Form              Tmut/Pois      6%         N/A       19%         3
 Lesser Beckoning         Tloc           5%         N/A       22%         3
 Tukima's Dance           Hex            11%        N/A       22%         3
 Freezing Cloud           Conj/Ice/Air   14%        6-21      41%         6
 Ice Form                 Ice/Tmut       13%        N/A       52%         4
 Animate Dead             Necr           5%         N/A       56%         4
 Spellforged Servitor     Conj/Summ      19%        N/A       69%         7
 Blade Hands              Tmut           7%         N/A       82%         5
 Alistair's Intoxication  Tmut/Pois      8%         N/A       86%         5
 Metabolic Englaciation   Hex/Ice        5%         N/A       89%         5
 Death Channel            Necr           5%         N/A       100%        6
 Invisibility             Hex            11%        N/A       100%        6
 Simulacrum               Ice/Necr       5%         N/A       100%        6
 Ozocubu's Refrigeration  Ice            5%         4d6       100%        7


Dungeon Overview and Level Annotations

Branches:
Dungeon (15/15)            Temple (1/1) D:4            Lair (6/6) D:9
 Shoals (0/4) Lair:2        Snake (0/4) Lair:4        Slime (0/5) Lair:6
    Orc (2/2) D:11            Elf (0/3) Orc:2        Vaults (0/5) D:13
  Sewer (visited)           IceCv (visited)         Gauntlet (visited)
 Depths: D:15

Altars:
Ashenzari
Cheibriados
Fedhas
Gozag
Kikubaaqudgha
Makhleb
Nemelex Xobeh
Qazlal
Ru
Trog
Vehumet
Xom

Shops:
D:4 *   Orc:1 :

Portals:
Trove: D:11 (give +8 demon blade)

Annotations:
D:2 exclusion: oklob plant
D:15 Jorgrun


Innate Abilities, Weirdness & Mutations

Your stone body is resilient. (AC +12)
You are immune to poison.
Your large and strong wings let you fly indefinitely.
You resist negative energy. (rN+)
You are resistant to electric shocks. (rElec)
You are resistant to unholy torment.
You can survive without breathing.
You are immune to petrification.
You are partially covered in molten scales. (AC +2)
You are agile. (Dex +2)
Your flesh is heat resistant. (rF+)
You do not regenerate when monsters are visible.


Message History

Confirm with . or Enter, or press ? or * to list all spells.
Aiming: Lee's Rapid Deconstruction (safe; 1% risk of failure)
Press: ? - help, Dir - move target A metal wall.
The metal wall shatters!
The blast of metal fragments hits the orc wizard!!
You kill the orc wizard!
Vehumet accepts your kill.
The blast of metal fragments hits the orc warlord but does no damage.
The orc warlord is moderately wounded.
The orc warrior hits you with a +0 dire flail!
The orc warlord hits you but does no damage.
Unknown command.
Casting: Lee's Rapid Deconstruction (safe; 1% risk of failure)
Confirm with . or Enter, or press ? or * to list all spells.
Aiming: Iron Shot (dangerous; 1% risk of failure)
Press: ? - help, Shift-Dir - straight line, f - orc warlord
Aim: an orc warlord, wielding a +0 dire flail of protection and wearing a +0 chain mail (moderately wounded, 19% to evade)
The iron shot hits the orc warlord!!
The orc warlord is heavily wounded.
The orc warrior barely misses you.
The orc warlord hits you with a +0 dire flail of protection!
Unknown command.
Casting: Iron Shot (dangerous; 1% risk of failure)
Confirm with . or Enter, or press ? or * to list all spells.
You don't have enough magic to cast this spell.
Unknown command.
Unknown command.
Unknown command.
Aiming: Corrosive Bolt
Press: ? - help, Shift-Dir - straight line, f/p - orc warlord
Aim: an orc warlord, wielding a +0 dire flail of protection and wearing a +0 chain mail (heavily wounded, 19% to evade)
The bolt of acid hits the orc warlord.
The orc warlord is splashed with acid.
The acid corrodes the orc warlord!
The orc warlord is heavily wounded.
The orc warrior hits you with a +0 dire flail!!
* * * LOW HITPOINT WARNING * * *
The orc barely misses you.
The orc warlord hits you with a +0 dire flail of protection!!
You die...

##.............#)...
#.............))....
#.................).
#....#.#.#.#..))..).
#.............)...)#
##''#########')##...
##....## ##..).##.#
##......#####.....)###
##...o@..............##
#...)oo...............#
#...)#.......#........#
#...)##.....###.......#
#.... #......#........#
#.... #...............#
#.... .............###
#.... ....... # #.o..
.... #


You could see an orc warlord (corroded), an orc warrior (strong) and an orc
(strong).

Vanquished Creatures
  Gastronok (Lair:1)
  A frost giant (IceCv)
  An orc warlord (Orc:1)
  A minotaur (Gauntlet)
  An ettin (Orc:1)
  2 fire dragons
  A yaktaur captain (D:13)
  A catoblepas (Gauntlet)
  5 hydras
  5 boulder beetles
  An ogre mage (Orc:1)
  A death knight (D:14)
  6 death yaks
  5 centaur warriors
  8 two-headed ogres
  Urug (Lair:5)
  A skeletal warrior (D:14)
  A swamp dragon (Lair:6)
  4 unseen horrors
  3 orc knights
  A lindwurm (Lair:6)
  A deep elf pyromancer (D:9)
  A wolf spider (Lair:6)
  A wolf spider zombie (D:14)
  3 oklob plants (Lair:6)
  An orc sorcerer (Orc:1)
  5 cyclopes
  3 ugly things
  3 manticores
  A moth of wrath (Gauntlet)
  3 black mambas
  5 elephants (Lair:6)
  14 cane toads
  A gargoyle (Gauntlet)
  2 centaur skeletons
  An ice statue (IceCv)
  9 komodo dragons
  2 torpor snails
  2 yaktaurs (D:13)
  2 freezing wraiths (D:14)
  2 ice devils (Lair:2)
  8 trolls
  2 hornets
  27 polar bears
  4 raiju (Lair:6)
  7 blink frogs
  A harpy skeleton (D:12)
  5 slime creatures
  11 dream sheep
  A meliai zombie (D:13)
  A centaur simulacrum (D:14)
  2 wraiths
  10 flying skulls (Gauntlet)
  A vampire (D:13)
  13 wyverns
  74 yaks
  A chaos spawn (Gauntlet)
  5 basilisks
  5 steam dragons
  A naga (Lair:4)
  9 wargs
  6 acid dragons
  A soldier ant (D:13)
  A swamp worm (shapeshifter) (D:14)
  17 water moccasins
  13 hell hounds (Lair:6)
  35 orc warriors
  2 sky beasts
  7 ice beasts
  3 necrophages
  14 black bears
  12 ogres
  50 wolves
  12 centaurs
  3 phantoms
  23 bullfrogs
  4 kobold brigands
  A gnoll sergeant (D:11)
  A wyvern skeleton (D:10)
  11 scorpions
  A water moccasin skeleton (D:11)
  6 wights
  6 electric eels
  A howler monkey (D:6)
  A centaur zombie (D:11)
  2 bullfrog zombies
  6 jellies
  A gnoll shaman (D:7)
  4 hounds
  17 orc priests
  2 bullfrog skeletons (D:8)
  4 iguanas
  19 orc wizards
  7 hell rats (Lair:5)
  11 worker ants
  A killer bee zombie (D:8)
  A hound zombie (D:10)
  4 worker ant zombies (D:3)
  11 gnolls
  2 howler monkey zombies
  15 adders
  2 shadow imps
  5 white imps
  3 ufetubi
  2 adder zombies
  3 adder skeletons
  2 dart slugs
  7 leopard geckos
  72 orcs
  7 giant cockroaches
  6 goblins
  9 hobgoblins
  14 jackals
  24 kobolds
  7 quokkas
  5 ball pythons
  4 bats
  10 frilled lizards
  A jackal skeleton (D:8)
  A leopard gecko skeleton (D:6)
  A quokka simulacrum (D:9)
  A quokka skeleton (D:6)
  6 rats
831 creatures vanquished.

Vanquished Creatures (others)
  A wraith (D:14)
  A wolf (Lair:6)
  A leopard gecko skeleton (D:9)
  A bush (Lair:6)
  48 fungi
  134 plants
186 creatures vanquished.

Grand Total: 1017 creatures vanquished

Notes
Turn   | Place    | Note
-------+----------+-------------------------------------------
     0 | D:1      | reyent the Gargoyle Earth Elementalist began the quest for
                  | the Orb.
     0 | D:1      | Reached XP level 1. HP: 10/10 MP: 3/3
   163 | D:1      | Reached skill level 4 in Earth Magic
   163 | D:1      | Reached XP level 2. HP: 8/15 MP: 0/5
  1159 | D:2      | Reached XP level 3. HP: 19/19 MP: 4/6
  1168 | D:2      | Learned a level 3 spell: Stone Arrow
  1738 | D:2      | Reached skill level 1 in Conjurations
  1839 | D:2      | Found a blossoming altar of Fedhas.
  1861 | D:2      | Noticed an oklob plant
  2182 | D:2      | Reached XP level 4. HP: 14/24 MP: 8/8
  2831 | D:3      | Reached skill level 5 in Earth Magic
  2831 | D:3      | Reached XP level 5. HP: 28/28 MP: 6/9
  3201 | D:3      | Found a burning altar of Makhleb.
  3729 | D:4      | Learned a level 5 spell: Lee's Rapid Deconstruction
  3809 | D:4      | Reached XP level 6. HP: 26/32 MP: 11/11
  3869 | D:4      | Noticed a necrophage
  3880 | D:4      | Killed a necrophage
  4063 | D:4      | Found a staircase to the Ecumenical Temple.
  4071 | Temple   | Entered the Ecumenical Temple
  4171 | Temple   | Became a worshipper of Vehumet
  4319 | D:4      | Reached skill level 6 in Earth Magic
  4560 | D:4      | Found Pedwoec's Assorted Antiques.
  4566 | D:4      | Bought a black potion for 18 gold pieces
  4566 | D:4      | Bought a scroll labelled ZEIWNAECUBYM for 21 gold pieces
  4566 | D:4      | Bought a fuming green potion for 18 gold pieces
  4566 | D:4      | Bought a glowing blue potion for 18 gold pieces
  4566 | D:4      | Bought a copper wand for 84 gold pieces
  4619 | D:4      | Reached XP level 7. HP: 28/36 MP: 9/13
  4985 | D:5      | Entered Level 5 of the Dungeon
  5467 | D:5      | Found a stormy altar of Qazlal.
  5784 | D:6      | Reached skill level 7 in Earth Magic
  5787 | D:6      | Reached skill level 5 in Spellcasting
  5903 | D:6      | Found a glowing drain.
  5943 | Sewer    | Entered a sewer
  6064 | Sewer    | Reached * piety under Vehumet
  6064 | Sewer    | Offered knowledge of Foxfire by Vehumet.
  6166 | Sewer    | Reached XP level 8. HP: 41/41 MP: 15/15
  6348 | D:6      | Reached skill level 5 in Conjurations
  6923 | D:6      | Reached skill level 1 in Fighting
  7070 | D:6      | Found a broken altar of Ashenzari.
  7071 | D:6      | Found a shimmering altar of Xom.
  7122 | D:6      | Reached skill level 1 in Maces & Flails
  7122 | D:6      | Reached skill level 1 in Armour
  7122 | D:6      | Reached skill level 1 in Evocations
  7161 | D:6      | Learned a level 2 spell: Passwall
  7164 | D:6      | Found a shimmering altar of Xom.
  7773 | D:7      | Reached ** piety under Vehumet
  7773 | D:7      | Offered knowledge of Freeze by Vehumet.
  9157 | D:8      | Found a stormy altar of Qazlal.
  9185 | D:8      | Reached skill level 8 in Earth Magic
  9185 | D:8      | Reached XP level 9. HP: 33/48 MP: 12/17
  9343 | D:8      | Offered knowledge of Ignite Poison by Vehumet.
 10172 | D:9      | Reached XP level 10. HP: 48/56 MP: 9/19
 10340 | D:9      | Reached *** piety under Vehumet
 10672 | D:9      | Reached skill level 9 in Earth Magic
 10719 | D:9      | Found a staircase to the Lair.
 10720 | D:9      | Noticed a two-headed ogre
 10726 | D:9      | Killed a two-headed ogre
 10726 | D:9      | Offered knowledge of Frozen Ramparts by Vehumet.
 10977 | D:9      | Noticed a six-headed hydra
 10978 | D:9      | Noticed a deep elf pyromancer
 10979 | D:9      | Noticed a cyclops
 10980 | D:9      | Noticed a centaur warrior
 11336 | D:10     | Entered Level 10 of the Dungeon
 11376 | D:10     | Killed an unseen horror
 11377 | D:10     | Reached skill level 5 in Armour
 11474 | D:10     | Reached XP level 11. HP: 62/62 MP: 21/21
 11565 | D:10     | Killed an unseen horror
 11566 | D:10     | Reached skill level 5 in Fighting
 11591 | D:10     | Reached **** piety under Vehumet
 11623 | D:10     | Offered knowledge of Bolt of Magma by Vehumet.
 11816 | D:10     | Reached skill level 5 in Maces & Flails
 11816 | D:10     | Noticed a fire dragon
 11830 | D:10     | Killed a fire dragon
 11881 | D:10     | Identified a scroll of acquirement
 11881 | D:10     | Acquired a book of Power
 11890 | D:10     | Learned a level 6 spell: Iron Shot
 11896 | D:10     | Learned a level 5 spell: Bolt of Magma
 12555 | D:9      | Killed an unseen horror
 12555 | D:9      | Killed a centaur warrior
 12556 | D:9      | Reached skill level 5 in Dodging
 12556 | D:9      | Reached skill level 10 in Earth Magic
 12556 | D:9      | Reached skill level 5 in Evocations
 12559 | D:9      | Killed a six-headed hydra
 12561 | D:9      | Killed a deep elf pyromancer
 12561 | D:9      | Killed a cyclops
 12561 | D:9      | Reached ***** piety under Vehumet
 12561 | D:9      | Offered knowledge of Fulminant Prism by Vehumet.
 12660 | D:9      | Identified the +8 great mace of Disorder {vamp, +Blink
                  | rElec rN+}
 12673 | D:9      | Identified the amulet of Exhibitionism {Reflect rElec Dex+6
                  | SH+5 Stlth+}
 12833 | D:11     | Noticed a cyclops
 12837 | D:11     | Killed a cyclops
 12846 | D:11     | Reached XP level 12. HP: 67/70 MP: 23/23
 12926 | D:11     | Found a portal to a secret trove of treasure.
 13219 | D:11     | Found a staircase to the Orcish Mines.
 13640 | D:12     | Noticed a two-headed ogre
 13644 | D:12     | Killed a two-headed ogre
 14360 | D:12     | Offered knowledge of Conjure Ball Lightning by Vehumet.
 14514 | D:12     | You fall into a shaft and drop 1 floor!
 14517 | D:13     | Noticed a boulder beetle
 14540 | D:13     | Killed a boulder beetle
 14578 | D:13     | Reached skill level 11 in Earth Magic
 14681 | D:13     | Noticed a boulder beetle
 14700 | D:13     | Killed a boulder beetle
 15013 | D:13     | Reached XP level 13. HP: 78/78 MP: 17/25
 15086 | D:13     | Found a gate to the Vaults.
 15088 | D:13     | Noticed a yaktaur captain
 15101 | D:13     | Killed a yaktaur captain
 15289 | D:13     | You fall into a shaft and drop 2 floors!
 15289 | D:15     | Entered Level 15 of the Dungeon
 15289 | D:15     | Noticed Jorgrun
 15705 | D:14     | HP: 3/78 [two-headed ogre/+0 giant spiked club (4)]
 16117 | D:14     | Reached skill level 10 in Conjurations
 16834 | Lair:1   | Entered Level 1 of the Lair of Beasts
 16858 | Lair:1   | Reached skill level 12 in Earth Magic
 16871 | Lair:1   | Found a radiant altar of Vehumet.
 17079 | Lair:1   | Offered knowledge of Irradiate by Vehumet.
 17105 | Lair:1   | Learned a level 5 spell: Irradiate
 17172 | Lair:1   | Gained mutation: Your large and strong wings let you fly
                  | indefinitely. [Gargoyle growth]
 17172 | Lair:1   | Reached XP level 14. HP: 49/86 MP: 15/27
 17303 | Lair:1   | Noticed Gastronok
 17309 | Lair:1   | Killed Gastronok
 17705 | Lair:2   | Gained mutation: You are weak. (Str -2) [mutagenic glow]
 18034 | Lair:2   | Found a staircase to the Shoals.
 18091 | Lair:2   | Found a frozen archway.
 18105 | IceCv    | Entered an ice cave
 18510 | IceCv    | Offered knowledge of Ozocubu's Refrigeration by Vehumet.
 18640 | IceCv    | Noticed a frost giant
 18654 | IceCv    | Reached skill level 10 in Fighting
 18655 | IceCv    | Killed a frost giant
 18656 | IceCv    | Reached skill level 10 in Spellcasting
 18661 | IceCv    | Identified the +1 war axe of the Butterfly {flame, *Slow
                  | rPois rF+ rN+}
 19546 | Lair:3   | Found the +5 robe of Night {Dark Will+ SInv}
 20204 | Lair:4   | Reached skill level 13 in Earth Magic
 20218 | Lair:4   | Found a staircase to the Snake Pit.
 20677 | Lair:4   | Reached XP level 15. HP: 93/93 MP: 29/29
 20690 | Lair:4   | Lost mutation: You are weak. (Str -2) [potion of mutation]
 20690 | Lair:4   | Gained mutation: You are partially covered in molten
                  | scales. (AC +2) [potion of mutation]
 20690 | Lair:4   | Gained mutation: You passively map a small area around you.
                  | [potion of mutation]
 20690 | Lair:4   | Gained mutation: You have a pair of small antennae on your
                  | head. [potion of mutation]
 20920 | Lair:5   | Found a gate leading to a gauntlet.
 20931 | Gauntlet | Entered a Gauntlet
 20931 | Gauntlet | Found a transporter.
 20943 | Gauntlet | Found a transporter.
 20944 | Gauntlet | Found a transporter.
 20945 | Gauntlet | Found a transporter.
 20955 | Gauntlet | Found a transporter.
 20956 | Gauntlet | Found a transporter.
 20964 | Gauntlet | Found a runed translucent door.
 20968 | Gauntlet | Found a transporter.
 20969 | Gauntlet | Found a transporter.
 20977 | Gauntlet | Found a transporter.
 20980 | Gauntlet | Found a transporter.
 20980 | Gauntlet | Found a transporter.
 20981 | Gauntlet | Found a transporter.
 20985 | Gauntlet | Found a runed translucent door.
 20985 | Gauntlet | Found a runed translucent door.
 20989 | Gauntlet | Found a transporter.
 21037 | Gauntlet | Found a transporter.
 21158 | Gauntlet | Identified the +11 quarterstaff of Satyriasis {holy, rF++
                  | Will- Dex+4 Stlth+}
 21315 | Lair:5   | Offered knowledge of Eringya's Noxious Bog by Vehumet.
 21610 | Lair:5   | Noticed Urug
 21617 | Lair:5   | Killed Urug
 22144 | Lair:6   | Entered Level 6 of the Lair of Beasts
 22211 | Lair:6   | Found a staircase to the Slime Pits.
 22225 | Lair:6   | Reached skill level 10 in Maces & Flails
 22279 | Lair:6   | Lost mutation: You passively map a small area around you.
                  | [potion of mutation]
 22279 | Lair:6   | Lost mutation: You have a pair of small antennae on your
                  | head. [potion of mutation]
 22279 | Lair:6   | Gained mutation: You do not regenerate when monsters are
                  | visible. [potion of mutation]
 22279 | Lair:6   | Gained mutation: You are agile. (Dex +2) [potion of
                  | mutation]
 22279 | Lair:6   | Gained mutation: Your flesh is heat resistant. (rF+)
                  | [potion of mutation]
 22675 | Lair:6   | Reached ****** piety under Vehumet
 23485 | Lair:6   | Offered knowledge of Fireball by Vehumet.
 23697 | Lair:6   | Reached XP level 16. HP: 80/100 MP: 31/31
 23719 | Lair:6   | Reached skill level 14 in Earth Magic
 24243 | Orc:1    | Entered Level 1 of the Orcish Mines
 24340 | Orc:2    | Entered Level 2 of the Orcish Mines
 24422 | Orc:2    | Found a staircase to the Elven Halls.
 24579 | Orc:1    | Offered knowledge of Lehudib's Crystal Spear by Vehumet.
 24834 | Orc:1    | Found Xuboc's Book Emporium.
 25078 | Orc:1    | Mangled by an orc warlord

Illustrated notes

Levels and vault maps discovered:
D:1:      kennysheep_arrival_seaside, layout_rooms
D:2:      layout_loops_corners, tgw_fedhas
D:3:      layout_basic, marbit_many_paths, serial_undead, serial_undead_e,
          serial_undead_a, serial_undead_a, serial_undead_f
D:4:      layout_gridville, minmay_temple_entry_hall, serial_shops, shop,
          kennysheep_boxes
D:5:      layout_rooms, nicolae_qazlal_general_emergency
D:6:      layout_cave_pools, gammafunk_temple_overflow_statue,
          gup_sewer_entry_glass, tgw_xom
D:7:      layout_layer_cave
D:8:      layout_cave_pools, nicolae_overflow_crystal_walls
D:9:      layout_basic, due_lair_maze_entry_diamond, serial_bayou,
          serial_bayou_ford_a, serial_bayou_pond_b, serial_bayou_lake_a,
          serial_bayou_shore_a, minivault_12
D:10:     layout_stronghold
D:11:     layout_roguey, erik_orc_2, enter_trove_2
D:12:     layout_basic
D:13:     layout_irregular_city, david_vaults_2
D:14:     layout_small_grid, serial_park_square1 [serial_park_minivault_5x5_7],
          grunt_ministairs_13, st_stairs_7
D:15:     hangedman_depths_entry_civil_slaughter, layout_cross,
          dk_noncrumbling_2, uniq_rupert, uniq_jorgrun, uniq_josephine
Temple:   dpeg_five_rooms_temple
Lair:1:   layout_loops_ring, basic_altar, lemuel_old_faithful, uniq_gastronok
Lair:2:   layout_gridlike, shoals_dummy_entry, portal_ice_cave_demonic_guard
Lair:3:   layout_misc_corridors, infiniplex_staircase_pool_2
Lair:4:   layout_loops_ring, guppyfry_snake_entry_garden, serial_bayou_lagoon_b
Lair:5:   layout_gridlike, gauntlet_entry_generic, lemuel_fruit_tree, uniq_urug
Lair:6:   hangedman_lair_caniforms_friends, layout_loops_ring,
          guppyfry_lair_end_dragon, slime_dummy, minmay_lair_oklob_chamber
Orc:1:    layout_diamond_mine, serial_shops,
          nicolae_shop_temple_entry_statues_fountains, minmay_orc_treasury
Orc:2:    st_orc_elflike, layout_diamond_mine, serial_shops, shop

Skill      XL: |  1  2  3  4  5  6  7  8  9 10 11 12 13 14 15 16 |
---------------+-------------------------------------------------+-----
Earth Magic    | 4 5 6 7 8 9 10 11 12 13 14 | 14.3
Conjurations   | 1 2 3 4 5 6 7 8 9 10 11 12 | 12.7
Spellcasting   | 3 4 5 6 7 8 9 10 11 | 11.3
Fighting       | 2 3 4 6 7 9 10 11 | 11.9
Maces & Flails | 1 3 4 5 7 8 9 10 | 10.9
Armour         | 2 3 5 6 |  6.0
Dodging        | 2 3 4 5 6 7 8 9 |  9.4
Evocations     | 1 3 4 5 6 |  6.0
Stealth        | |  2.1
Transmutations | |  0.7

Action                   |  1- 3 |  4- 6 |  7- 9 | 10-12 | 13-15 | 16-18 || total
-------------------------+-------+-------+-------+-------+-------+-------++-------
Melee: Unarmed           |     9 |       |       |       |       |       ||     9
       Club              |    14 |       |       |       |       |       ||    14
       Short sword       |    67 |    16 |       |       |       |       ||    83
       Mace              |       |    84 |    86 |       |       |       ||   170
       Flail             |       |       |   189 |   254 |       |       ||   443
       Great mace        |       |       |       |   246 |   942 |   216 ||  1404
 Cast: Sandblast         |    21 |    36 |    70 |    58 |     2 |       ||   187
       Lee's Rapid Decon |       |       |    10 |    19 |    19 |    10 ||    58
       Stone Arrow       |       |       |     6 |    22 |       |       ||    28
       Passwall          |       |       |     2 |       |       |       ||     2
       Bolt of Magma     |       |       |       |    52 |    55 |    10 ||   117
       Iron Shot         |       |       |       |    12 |    63 |    14 ||    89
       Irradiate         |       |       |       |       |    26 |    11 ||    37
 Abil: Evoke Invisibilit |       |       |       |       |     2 |       ||     2
       Evoke Blink       |       |       |       |       |     1 |       ||     1
       Fly               |       |       |       |       |     1 |       ||     1
Evoke: Wand              |       |       |     2 |     4 |     4 |     1 ||    11
       Condenser vane    |       |       |       |       |     2 |     1 ||     3
  Use: Scroll            |       |     8 |    12 |     6 |    15 |     1 ||    42
       Potion            |       |       |     4 |     5 |     9 |       ||    18
 Stab: Sleeping          |     4 |     3 |     1 |     4 |     4 |       ||    16
       Paralysed         |       |       |     6 |       |       |       ||     6
       Distracted        |       |       |     1 |       |       |       ||     1
Armor: Robe              |    39 |    75 |   205 |    22 |       |       ||   341
       Troll leather arm |       |       |       |   370 |   953 |   213 ||  1536
Dodge: Dodged            |    69 |    95 |   289 |   504 |  1295 |   363 ||  2615
Block: Other             |       |       |     2 |    24 |       |       ||    26

Table legend: (Time is in decaauts)
 A = Elapsed time spent in this place.
 B = Non-inter-level travel time spent in this place.
 C = Inter-level travel time spent in this place.
 D = Time resting spent in this place.
 E = Time spent auto-exploring this place.
 F = Levels seen in this place.
 G = Mean time per level.
                   A        B        C        D        E       F      G
               +--------+--------+--------+--------+--------+-----+--------+
         Total |  25815 |  24649 |   1166 |   2026 |  15839 |  27 |  956.1 |
       Dungeon |  16798 |  16074 |    724 |   1532 |  10672 |  15 | 1119.9 |
        Temple |    135 |     72 |     63 |      0 |     70 |   1 |  135.0 |
          Lair |   6349 |   5987 |    362 |    198 |   3978 |   6 | 1058.2 |
  Orcish Mines |    859 |    843 |     16 |     93 |    368 |   2 |  429.5 |
         Sewer |    464 |    464 |      0 |     98 |    248 |   1 |  464.0 |
      Ice Cave |    883 |    883 |      0 |     75 |    368 |   1 |  883.0 |
      Gauntlet |    324 |    324 |      0 |     30 |    134 |   1 |  324.0 |
               +--------+--------+--------+--------+--------+-----+--------+

Top non-repeatable levels by time:
  Lair:6: 2011 daAuts
     D:2: 1871 daAuts
     D:7: 1868 daAuts
     D:9: 1577 daAuts
     D:4: 1320 daAuts
    D:13: 1306 daAuts
    D:10: 1265 daAuts
     D:6: 1152 daAuts
    D:14: 1065 daAuts
     D:8: 1037 daAuts
  Lair:4: 1016 daAuts
  Lair:5: 963 daAuts
    D:11: 947 daAuts
     D:3: 888 daAuts
  Lair:1: 886 daAuts
